 Dungeon Crawl Stone Soup version 0.21-a0-210-gbfa5647 (webtiles) character file.

38 KristoblXynda the Sneak (level 3, 0/16 HPs)
             Began as a Spriggan Enchanter on Aug 21, 2017.
             Slain by a crimson imp (3 damage)
             ... summoned by Natasha
             ... on level 2 of the Dungeon.
             The game lasted 00:04:07 (1609 turns).

KristoblXynda the Sneak (Spriggan Enchanter)        Turns: 1609, Time: 00:04:08

Health: 0/16       AC:  2    Str:  4    XL:     3   Next: 25%
Magic:  9/9        EV: 18    Int: 17    God:
Gold:   56         SH:  0    Dex: 16    Spells: 3/9 levels left

rFire    . . .     SeeInvis +   a - +1 dagger
rCold    . . .     Gourm    .   (shield restricted)
rNeg     . . .     Faith    .   b - +0 robe
rPois    .         Spirit   .   (helmet restricted)
rElec    .         Reflect  .   (no cloak)
rCorr    .         Harm     .   (gloves unavailable)
MR       .....                  (boots unavailable)
Stlth    +++.......             (no amulet)
HPRegen  0.05/turn              (no ring)
MPRegen  0.11/turn              (no ring)

@: hasted, very quick
A: unfitting armour, see invisible, herbivore 3, speed 3, slow metabolism 2
a: no special abilities


You were on level 2 of the Dungeon.
You were not hungry.

You visited 1 branch of the dungeon, and saw 2 of its levels.

You collected 56 gold pieces.

Inventory:

Hand Weapons
 a - a +1 dagger (weapon)
Armour
 b - a +0 robe (worn)
Scrolls
 f - a scroll of teleportation {unknown}
 h - 3 scrolls of identify {unknown}
 i - 3 scrolls of fog {unknown}
 j - a scroll of remove curse {unknown}
Potions
 k - a potion of lignification {unknown}
Books
 c - a book of Maledictions

   Spells                             Type                      Level
   a - Corona                         Hexes                        1
   b - Ensorcelled Hibernation        Hexes/Ice                    2
   c - Confuse                        Hexes                        3
   d - Tukima's Dance                 Hexes                        3
   e - Dazzling Spray                 Conjuration/Hexes            3
Comestibles
 d - 2 bread rations


   Skills:
 - Level 1.1 Short Blades
 - Level 3.0 Dodging
 + Level 5.3 Stealth
 + Level 3.6 Spellcasting
 + Level 4.1 Hexes


You had 3 spell levels left.
You knew the following spells:

 Your Spells              Type           Power        Failure   Level  Hunger
a - Corona                Hex            ###....      3%          1    None
b - Ensorcelled Hibernat  Hex/Ice        ##....       11%         2    ##.....
c - Confuse               Hex            ###.....     9%          3    ###....


Dungeon Overview and Level Annotations

Branches:
Dungeon (2/15)

Altars:
Xom

Annotations:
D:2 Natasha


Innate Abilities, Weirdness & Mutations

You are very small and have problems with some larger weapons.
You are too small for most types of armour.
You have supernaturally acute eyesight. (SInv)
You are a herbivore.
You cover ground extremely quickly.
You need consume almost no food.


Message History

* * * LOW HITPOINT WARNING * * *
The crimson imp misses you.
Unknown command.
It was a potion of haste.
You feel yourself speed up. Natasha misses you. The crimson imp hits you.
* * * LOW HITPOINT WARNING * * *
Casting: Confuse
Confirm with . or Enter, or press ? or * to list all spells.
You don't know that spell.
Unknown command.
Unknown command.
Casting: Confuse
Confirm with . or Enter, or press ? or * to list all spells.
Aiming: Confuse
Press: ? - help, Shift-Dir - straight line, f/p - Natasha
Aim: Natasha (chance to defeat MR: 48%) Natasha resists with some effort.
Natasha closely misses you.
It was a potion of magic.
Magic courses through your body. The crimson imp hits you.
You die...

.....⌠. ..########
....... ..#....<.#
.#.#.#[#..#.##..##
..........#.##..#
#......#.#.##..##
##......#.#5#....#
.....K..#.#@######
#.........#h#
..#####.h(.b#
#######


You could see Natasha, a crimson imp and a bat.

Vanquished Creatures
  A dart slug (D:1)
  A leopard gecko (D:1)
  A ball python (D:1)
  2 giant cockroaches (D:1)
  A goblin (D:1)
  3 hobgoblins (D:1)
  7 jackals (D:1)
  5 kobolds (D:1)
  7 bats (D:1)
  3 frilled lizards (D:1)
  2 rats (D:1)
33 creatures vanquished.

Notes
Turn   | Place    | Note
-------+----------+-------------------------------------------
     0 | D:1      | KristoblXynda the Spriggan Enchanter began the quest for the Orb.
     0 | D:1      | Reached XP level 1. HP: 9/9 MP: 5/5
   198 | D:1      | Reached XP level 2. HP: 4/13 MP: 6/6
   550 | D:1      | Reached skill level 5 in Stealth
   699 | D:1      | Learned a level 2 spell: Ensorcelled Hibernation
  1074 | D:1      | Reached XP level 3. HP: 16/16 MP: 1/8
  1137 | D:1      | Learned a level 3 spell: Confuse
  1234 | D:1      | Found a shimmering altar of Xom.
  1593 | D:2      | Noticed Natasha
  1609 | D:2      | Slain by a crimson imp

Vault maps used:
D:1:      lightli_arrival_maybe_door_vault, xom_teletrap_fun
D:2:      elyvilon_altar_5, minmay_misc_feat_iff, minmay_rat_hole, uniq_sigmund,
          uniq_crazy_yiuf_cottage, uniq_natasha

Skill      XL: |  1  2 |
---------------+-------+-----
Hexes          | 4 |  4.1
Spellcasting   | 3 |  3.6
Stealth        | 5 |  5.3
Short Blades   | |  1.1
Dodging        | |  3.0

Action                   || total
-------------------------++-------
Melee: Dagger            ||   162
 Cast: Ensorcelled Hiber ||    17
       Confuse           ||     2
  Use: Potion            ||     3
 Stab: Sleeping          ||    12
Armor: Robe              ||    29
Dodge: Dodged            ||   152

Table legend:
 A = Spawn XP
 B = Non-spawn XP
 C = Spawn XP percentage of total XP
 D = Spawn monster count
 E = Non-spawn monster count
 F = Spawn count percentage of total count
 G = Total turns spent on level
                    A         B        C        D         E        F      G
               +---------+---------+-------+---------+---------+-------+---------
         Total |       7 |      48 |  12.7 |       5 |      28 |  15.2 |  1609
               +---------+---------+-------+---------+---------+-------+---------
           D:1 |       7 |      48 |  12.7 |       5 |      28 |  15.2 |  1574
               +---------+---------+-------+---------+---------+-------+---------
